[Event "GCT Saint Louis Rapid 2019"]
[Site "Saint Louis"]
[Date "2019.08.10"]
[Round "1.1"]
[White "Ding, Liren"]
[Black "Carlsen, Magnus"]
[Result "1-0"]
[ECO "D39"]
[WhiteElo "2812"]
[BlackElo "2872"]
[Annotator "RC"]
[PlyCount "89"]
[EventDate "2019.08.10"]
[EventType "tourn"]
[EventCountry "USA"]
[SourceTitle "playchess.com"]
[Source "ChessBase"]
[SourceQuality "1"]
[TimeMode "Bronstein"]
[TimeControl "1500+10"]

1. d4 Nf6 2. c4 e6 3. Nf3 d5 4. Nc3 Bb4 5. Bg5 dxc4 6. e4 b5 7. a4 c5 8. axb5 cxd4 9. Nxd4 h6 10. Be3 Nxe4 11. Qc2 Bb7 12. Bxc4 Qc7 13. Qb3 Bxc3+ 14. bxc3 O-O 15. O-O Rc8 16. Bd3 Nc5 17. Qb1 Nxd3 18. Qxd3 Nd7 19. Qe2 Nb6 20. Qg4 Kh7 21. Bf4 Qc5 22. Rfe1 Nc4 23. Rad1 Rd8 24. Rd3 Qe7 25. Nc6 Bxc6 26. Rxd8 Rxd8 27. bxc6 Nb6 28. Be5 Qg5 29. c7 Rd5 30. Qe4+ Qg6 31. Qb4 Qd3 32. h3 Qb5 33. Qe4+ f5 34. Qf4 Qd7 35. Bd4 Nc8 36. Qg3 Rd6 37. h4 Rc6 38. h5 Qf7 39. Be5 Nb6 40. Ra1 Nc4 41. Rxa7 Nxe5 42. Qxe5 Qxh5 43. Qxg7+ Kxg7 44. c8=Q+ Kf6 45. Qd8+ 1-0

[Event "GCT Saint Louis Rapid 2019"]
[Site "Saint Louis"]
[Date "2019.08.10"]
[Round "1.5"]
[White "Mamedyarov, Shakhriyar"]
[Black "Dominguez Perez, Leinier"]
[Result "1-0"]
[ECO "D35"]
[WhiteElo "2765"]
[BlackElo "2760"]
[Annotator "RC"]
[PlyCount "69"]
[EventDate "2019.08.10"]
[EventType "tourn"]
[EventCountry "USA"]
[SourceTitle "playchess.com"]
[Source "ChessBase"]
[SourceQuality "1"]
[TimeMode "Bronstein"]
[TimeControl "1500+10"]

1. d4 d5 2. c4 e6 3. Nc3 Nf6 4. cxd5 Nxd5 5. e4 Nxc3 6. bxc3 c5 7. Rb1 Be7 8. Bc4 O-O 9. Nf3 Qc7 10. Qe2 a6 11. O-O b5 12. Bd3 Nd7 13. Rd1 h6 14. a4 bxa4 15. g3 cxd4 16. cxd4 a5 17. Bf4 Qa7 18. Rdc1 Bb4 19. Rc7 Qb6 20. Rbc1 Ba3 21. Rb1 Bb4 22. Rbc1 Ba3 23. R1c6 Qb2 24. Rc2 Qb1+ 25. Kg2 Qb6 26. e5 f5 27. R2c6 Qb2 28. Qe3 Bb7 29. Rc2 Bxf3+ 30. Kxf3 Qb1 31. Rxd7 Qh1+ 32. Ke2 Rfb8 33. Qf3 Qg1 34. Bxh6 Bf8 35. Bc4 1-0

[Event "GCT Saint Louis Rapid 2019"]
[Site "Saint Louis"]
[Date "2019.08.11"]
[Round "4.1"]
[White "Caruana, Fabiano"]
[Black "Carlsen, Magnus"]
[Result "1-0"]
[ECO "B30"]
[WhiteElo "2819"]
[BlackElo "2872"]
[Annotator "RC"]
[PlyCount "77"]
[EventDate "2019.08.10"]
[EventType "tourn"]
[EventCountry "USA"]
[SourceTitle "playchess.com"]
[Source "ChessBase"]
[SourceQuality "1"]
[TimeMode "Bronstein"]
[TimeControl "1500+10"]

1. e4 c5 2. Nf3 Nc6 3. Bb5 e6 4. Bxc6 bxc6 5. d3 Ne7 6. b3 Ng6 7. h4 h5 8. e5 f6 9. Nbd2 d6 10. exd6 e5 11. Bb2 Bg4 12. Qe2 Qxd6 13. g3 Be7 14. O-O-O Nf8 15. Rde1 Ne6 16. Qe4 Qd5 17. Nxe5 Qxe4 18. dxe4 fxe5 19. f3 Nd4 20. fxg4 hxg4 21. Nc4 O-O 22. Kb1 Rf2 23. Nxe5 Nxc2 24. Nxg4 Rg2 25. Reg1 Re2 26. h5 c4 27. h6 c3 28. h7+ Kf7 29. Rf1+ Bf6 30. Bc1 Nb4 31. e5 Rxa2 32. Ne3 Rh8 33. exf6 g5 34. Rd1 a5 35. Rd4 c2+ 36. Nxc2 Rxc2 37. Rxb4 Rxc1+ 38. Kxc1 axb4 39. Rh6 1-0

[Event "GCT Saint Louis Rapid 2019"]
[Site "Saint Louis"]
[Date "2019.08.11"]
[Round "4.5"]
[White "Yu, Yangyi"]
[Black "Mamedyarov, Shakhriyar"]
[Result "1-0"]
[ECO "C49"]
[WhiteElo "2736"]
[BlackElo "2765"]
[Annotator "RC"]
[PlyCount "87"]
[EventDate "2019.08.10"]
[EventType "tourn"]
[EventCountry "USA"]
[SourceTitle "playchess.com"]
[Source "ChessBase"]
[SourceQuality "1"]
[TimeMode "Bronstein"]
[TimeControl "1500+10"]

1. e4 e5 2. Nf3 Nc6 3. Nc3 Nf6 4. Bb5 Bb4 5. O-O O-O 6. d3 d6 7. Ne2 Ne7 8. c3 Ba5 9. Ng3 Ng6 10. d4 c6 11. Bd3 Re8 12. h3 h6 13. a4 exd4 14. cxd4 c5 15. Bd2 cxd4 16. Nxd4 Bb6 17. Bc3 d5 18. Bb5 Rxe4 19. Nxe4 Nxe4 20. Nf3 a6 21. Bd3 Nxc3 22. bxc3 Nf4 23. Re1 Bd7 24. Bf1 Rc8 25. c4 dxc4 26. Re4 g5 27. Rxc4 Rxc4 28. Bxc4 Qc7 29. Rc1 Nxh3+ 30. Kf1 Qf4 31. Rc3 Bf5 32. Bxf7+ Kxf7 33. Qb3+ Kg6 34. Qxb6+ Kh5 35. gxh3 Qxa4 36. Qd4 Bxh3+ 37. Kg1 Qa1+ 38. Kh2 Qf1 39. Ne1 Bg4 40. Qe3 Qb5 41. Ng2 Qd7 42. Qe5 Qf5 43. Qe8+ Qg6 44. Nf4+ 1-0

[Event "GCT Saint Louis Rapid 2019"]
[Site "Saint Louis"]
[Date "2019.08.11"]
[Round "6.1"]
[White "Aronian, Levon"]
[Black "Dominguez Perez, Leinier"]
[Result "1/2-1/2"]
[ECO "C67"]
[WhiteElo "2756"]
[BlackElo "2760"]
[Annotator "ChessBase"]
[PlyCount "139"]
[EventDate "2019.08.10"]
[EventType "tourn"]
[EventCountry "USA"]
[SourceTitle "playchess.com"]
[Source "ChessBase"]
[SourceQuality "1"]
[TimeMode "Bronstein"]
[TimeControl "1500+10"]

1. e4 e5 2. Nf3 Nc6 3. Bb5 Nf6 4. O-O Nxe4 5. d4 Nd6 6. Bxc6 dxc6 7. dxe5 Nf5 8. Qxd8+ Kxd8 9. Nc3 h6 10. h3 Bd7 11. b3 Kc8 12. Bb2 b6 13. Rad1 c5 14. Nd5 a5 15. Rd3 Ne7 16. Ne3 Be6 17. Nd2 a4 18. f4 axb3 19. axb3 Ra2 20. Rb1 Nf5 21. Ne4 Nxe3 22. Rxe3 c4 23. bxc4 Ra4 24. c5 Bxc5 25. Nxc5 bxc5 26. Ra3 Rxa3 27. Bxa3 Rd8 28. Bxc5 Rd2 29. Bf8 Bd5 30. g4 Rg2+ 31. Kf1 Rxc2 32. Bxg7 Bg2+ 33. Ke1 Bxh3 34. Rb3 Bxg4 35. Bxh6 Kd7 36. Rg3 Bf5 37. Rg8 c5 38. Bg5 c4 39. Rd8+ Kc6 40. Rd6+ Kb5 41. Rf6 Bg4 42. f5 Re2+ 43. Kf1 Rxe5 44. Rxf7 Bxf5 45. Bf6 Bd3+ 46. Kf2 Re2+ 47. Kf3 Re1 48. Rf8 Kc6 49. Kf2 Re2+ 50. Kf3 Re1 51. Kf2 Rf1+ 52. Ke3 Kb5 53. Bg7 Re1+ 54. Kd4 Re4+ 55. Kd5 Rg4 56. Rb8+ Ka4 57. Bc3 Rg5+ 58. Kd4 Rg4+ 59. Kd5 Ka3 60. Kc5 Rg5+ 61. Kd4 Rg4+ 62. Kc5 Rh4 63. Kd5 Rh5+ 64. Kd4 Rh4+ 65. Kc5 Be2 66. Bb4+ Ka2 67. Bc3 Rh5+ 68. Kd4 Rh4+ 69. Kc5 Rh5+ 70. Kd4 1/2-1/2

[Event "GCT Saint Louis Rapid 2019"]
[Site "Saint Louis"]
[Date "2019.08.11"]
[Round "6.4"]
[White "Yu, Yangyi"]
[Black "Carlsen, Magnus"]
[Result "1/2-1/2"]
[ECO "B08"]
[WhiteElo "2736"]
[BlackElo "2872"]
[Annotator "ChessBase"]
[PlyCount "138"]
[EventDate "2019.08.10"]
[EventType "tourn"]
[EventCountry "USA"]
[SourceTitle "playchess.com"]
[Source "ChessBase"]
[SourceQuality "1"]
[TimeMode "Bronstein"]
[TimeControl "1500+10"]

1. e4 d6 2. d4 Nf6 3. Nc3 g6 4. Nf3 Bg7 5. Be2 O-O 6. O-O c6 7. a4 Nbd7 8. a5 Qc7 9. h3 e5 10. Be3 Re8 11. Bc4 exd4 12. Bxd4 Ne5 13. Nxe5 dxe5 14. Be3 Nh5 15. Na4 Nf4 16. Nc5 Qe7 17. Qf3 Ne6 18. c3 Bf8 19. Rfd1 Qc7 20. Bxe6 Bxe6 21. b4 Bc8 22. Rd2 Rd8 23. Rxd8 Qxd8 24. Rd1 Qe7 25. Na4 Qc7 26. Bg5 Be6 27. Nc5 Re8 28. Nxe6 Rxe6 29. Rd8 h6 30. Bf6 c5 31. Ra8 cxb4 32. cxb4 Qd6 33. Bh4 Qxb4 34. Rxa7 Ra6 35. Rxa6 bxa6 36. Bd8 Bc5 37. g4 Qd4 38. Bc7 Kg7 39. Kg2 f6 40. Qe2 Kf7 41. Bd8 g5 42. Qa2+ Kg7 43. Qc2 Kg6 44. Bc7 h5 45. Qe2 hxg4 46. hxg4 Kg7 47. Qc2 Kf8 48. Bd8 Kg7 49. Bc7 Ba7 50. Kf3 Kg6 51. Kg3 Qb4 52. Kg2 Qc5 53. Qxc5 Bxc5 54. Bb6 Be7 55. Kf3 Kf7 56. Ke2 Ke6 57. Kd3 Kd7 58. Kc4 Ke6 59. f3 Bd6 60. Bd8 Bf8 61. Bb6 Bd6 62. Bd8 Bf8 63. Bc7 Bd6 64. Bb6 Be7 65. Bc7 Kd7 66. Bb6 Kc6 67. Be3 Bd8 68. Bd2 Be7 69. Bc3 Bc5 {[%emt 0:00:10] Kd4 Kd5+} 1/2-1/2

[Event "GCT Saint Louis Rapid 2019"]
[Site "Saint Louis"]
[Date "2019.08.12"]
[Round "9.1"]
[White "Caruana, Fabiano"]
[Black "Vachier-Lagrave, Maxime"]
[Result "0-1"]
[ECO "D78"]
[WhiteElo "2819"]
[BlackElo "2775"]
[Annotator "RC"]
[PlyCount "74"]
[EventDate "2019.08.10"]
[EventType "tourn"]
[EventCountry "USA"]
[SourceTitle "playchess.com"]
[Source "ChessBase"]
[SourceQuality "1"]
[TimeMode "Bronstein"]
[TimeControl "1500+10"]

1. d4 Nf6 2. c4 g6 3. g3 c6 4. Bg2 d5 5. Nf3 Bg7 6. O-O O-O 7. Nbd2 a5 8. b3 a4 9. Ba3 Re8 10. e3 Bf5 11. Qe2 Nbd7 12. cxd5 Nxd5 13. e4 Nc3 14. Qd3 Nb5 15. exf5 Nxa3 16. bxa4 Rxa4 17. Qb3 Ra7 18. Ng5 Rf8 19. Be4 Qb6 20. fxg6 hxg6 21. Qf3 Qxd4 22. Rad1 Nf6 23. Nb3 Qe5 24. h4 Nxe4 25. Nxe4 Nb5 26. Nec5 Nc3 27. Rd3 Re8 28. Kg2 Nd5 29. Rd2 b6 30. Ne4 Qf5 31. Qe2 Rea8 32. Ng5 Ra4 33. Rh1 e6 34. Nc1 c5 35. Qb5 Rd4 36. Nb3 Nf4+ 37. Kh2 Qd5 0-1